 Dungeon Crawl Stone Soup version 0.32-a0-19-g28bc083 (webtiles) character file.

Game seed: 2112210505357461770

548 Dorkslayer the Ruffian (level 7, 0/45 HPs)
             Began as an Octopode Shapeshifter on Jan 17, 2024.
             Slain by a scorpion (8 damage)
             ... on level 4 of the Dungeon.
             The game lasted 00:10:21 (2823 turns).

Dorkslayer the Ruffian (Octopode Shapeshifter)      Turns: 2823, Time: 00:10:21

Health: 0/45       AC:  1    Str: 15    XL:     7   Next: 28%
Magic:  7/7        EV: 13    Int: 13    God:
Gold:   193        SH:  0    Dex: 11    Spells: 6/6 levels left

rFire   . . .        t - +1 hand axe of the Divine God {freeze, rCorr}
rCold   . . .        (no shield)
rNeg    . . .        (helmet currently unavailable)
rPois   .            l - amulet of the acrobat
rElec   .            (no ring)
rCorr   +            (no ring)
SInv    .            (no ring)
Will    .....        (no ring)
Stlth   +++          (no ring)
HPRegen 0.27/turn    (no ring)
MPRegen 0.10/turn    (no ring)
                     (no ring)

%: acrobat
@: beast-form
A: beast (slay +2), almost no armour, amphibious, 8 rings, camouflage 1,
gelatinous body 1, (nimble swimmer 1), tentacles
a: Begin Untransformation


You were on level 4 of the Dungeon.
You were a hulking beast.
You visited 1 branch of the dungeon, and saw 4 of its levels.

You collected 193 gold pieces.

Inventory:

Hand Weapons
 r - a +1 hand axe
 t - the +1 hand axe of the Divine God (weapon) {freeze, rCorr}
   (You found it on level 3 of the Dungeon)

   rCorr:     It protects you from acid and corrosion.
Jewellery
 f - a ring of fire
 l - an amulet of the acrobat (around mantle)
Talismans
 b - a beast talisman (active)
 c - a flux talisman
 p - a blade talisman
Wands
 s - a wand of flame (12)
Scrolls
 j - a scroll of identify
 m - a scroll of noise
 u - a scroll of fog {unknown}
Potions
 a - a potion of lignification
 d - 7 potions of curing
 e - 2 potions of attraction
 g - 7 potions of degeneration
 h - a potion of haste
 k - a potion of enlightenment {unknown}
 n - a potion of ambrosia {unknown}


   Skills:
 * Level 2.3 Fighting
 * Level 2.5 Axes
 + Level 2.9 Dodging
 + Level 2.5 Stealth
 + Level 5.6 Unarmed Combat
 * Level 2.1 Evocations
 * Level 3.6 Shapeshifting


You had 6 spell levels left.
You didn't know any spells.
Your spell library contained the following spells:

 Spells                   Type           Power      Damage    Failure   Level
 Sublimation of Blood     Necr           0%         N/A       43%         2
 Tukima's Dance           Hex            0%         N/A       67%         3
 Dimensional Bullseye     Hex/Tloc       0%         N/A       97%         4
 Iskenderun's Mystic Bla  Conj/Tloc      0%         2d3       97%         4
 Petrify                  Alch/Erth      0%         N/A       97%         4
 Irradiate                Conj/Alch      0%         3d11      100%        5


Dungeon Overview and Level Annotations

Branches:
Dungeon (4/15)
 Temple: D:4-7

Altars:
Cheibriados
Nemelex Xobeh
Xom


Innate Abilities, Weirdness & Mutations

You are a hulking beast.
Your limbs bulge with bestial killing power. (Slay +2)
You cannot wear most types of armour.
You are amphibious.
You can wear up to eight rings at the same time.
Your skin changes colour to match your surroundings (Stealth+).
Your rubbery body absorbs attacks. (AC +1, EV +1)
((You are camouflaged when in or above water. (Stealth+)))
You have tentacles for arms and can constrict up to eight enemies at once.


Message History

You constrict the gnoll. The gnoll hits you with a +0 whip.
You hit the gnoll. You freeze the gnoll. You grab the gnoll.
You squeeze the gnoll.
The gnoll is moderately wounded.
You hit the gnoll. You freeze the gnoll.
You kill the gnoll!
You constrict the gnoll. The gnoll hits you with a +0 whip! x2
* * * LOW HITPOINT WARNING * * *
You feel much better.
You constrict the gnoll.
You kill the gnoll!
The adder barely misses you.
A scorpion comes into view.
The adder closely misses you. The gnoll hits you with a +0 flail!
You miss the adder. You grab the adder. You hit the gnoll.
You freeze the gnoll. You constrict the adder. The adder barely misses you.
The gnoll closely misses you.
You barely miss the gnoll. You grab the gnoll.
The gnoll is moderately wounded.
You hit the adder.
The adder seems to slow down.
You freeze the adder. You constrict the adder. You constrict the gnoll.
The adder bites you. The gnoll hits you with a +0 flail!
* * * LOW HITPOINT WARNING * * *
You hit the gnoll. You freeze the gnoll. You squeeze the gnoll.
You kill the gnoll!
You hit the adder. You freeze the adder.
You kill the adder!
Aiming: Throw Flame
Press: ? - help, Shift-Dir - straight line, f - scorpion
Aim: a scorpion (71% to hit)
The puff of flame hits the scorpion.
The scorpion is moderately wounded.
Aiming: Throw Flame
Press: ? - help, Shift-Dir - straight line, f/p - scorpion
Aim: a scorpion (moderately wounded, 71% to hit)
The puff of flame hits the scorpion.
The scorpion is severely wounded.
You hit the scorpion but do no damage. Your grab misses the scorpion.
The scorpion is severely wounded.
The scorpion stings you!
You die...

# .............##...#
##. ##................
.#..###..........##.#...
..............=..####.†.
........###.†...........
#....................†.
#.....)..............#
..#...)...†##........###
......sh.....#......####
......).....#####....#..
.....)...#.## ##...>..
.....##.#### #......
....# ### ##..... ....
#..... #.. ....## ##
#...## ...##


You could see a scorpion.

Vanquished Creatures
  3 electric eels (D:3)
  2 orc priests (D:4)
  Jessica (D:2)
  Ijyb (D:3)
  2 iguanas
  2 orc wizards (D:3)
  5 adders
  7 gnolls
  A river rat (D:4)
  2 ribbon worms (D:3)
  9 orcs
  8 bats
  4 endoplasms
  3 giant cockroaches
  5 goblins
  9 hobgoblins
  3 jackals (D:3)
  A quokka (D:4)
  10 ball pythons
  4 frilled lizards
  11 kobolds
  7 rats
  2 butterflies (D:3)
102 creatures vanquished.

Notes
Turn   | Place    | Note
-------+----------+-------------------------------------------
     0 | D:1      | Dorkslayer the Octopode Shapeshifter began the quest for
                  | the Orb.
     0 | D:1      | Reached XP level 1. HP: 13/13 MP: 1/1
   136 | D:1      | Reached XP level 2. HP: 17/18 MP: 2/2
   612 | D:2      | Noticed Jessica
   625 | D:2      | Reached skill level 1 in Stealth
   627 | D:2      | Killed Jessica
   628 | D:2      | Reached skill level 4 in Unarmed Combat
   628 | D:2      | Reached XP level 3. HP: 18/23 MP: 3/3
   671 | D:2      | Found a sparkling altar of Nemelex Xobeh.
   725 | D:2      | Identified the +2 robe of the Clam {Slay+2}
   735 | D:2      | Reached XP level 4. HP: 13/28 MP: 4/4
   952 | D:2      | Reached skill level 5 in Unarmed Combat
  1364 | D:3      | Found a faded altar of an unknown god.
  1382 | D:3      | Found a transporter.
  1557 | D:3      | Found a transporter.
  1571 | D:3      | Reached XP level 5. HP: 30/33 MP: 5/5
  1833 | D:3      | Noticed Ijyb
  1843 | D:3      | Killed Ijyb
  1959 | D:3      | Found a shimmering altar of Xom.
  2133 | D:3      | Identified the +1 hand axe of the Divine God {freeze,
                  | rCorr}
  2148 | D:3      | Reached XP level 6. HP: 13/39 MP: 6/6
  2644 | D:3      | Reached skill level 1 in Axes
  2644 | D:3      | Reached skill level 1 in Evocations
  2741 | D:4      | Found a snail-covered altar of Cheibriados.
  2741 | D:4      | Found a sparkling altar of Nemelex Xobeh.
  2789 | D:4      | Reached XP level 7. HP: 29/45 MP: 7/7
  2823 | D:4      | Slain by a scorpion

Illustrated notes

Levels and vault maps discovered:
D:1:      tarquinn_simple_flora_water_d, layout_basic
D:2:      layout_rooms, basic_altar, uniq_jessica
D:3:      gammafunk_steamed_eel, layout_loops_corners, xom_butterflies,
          hellmonk_ecumenical_altar_pennies_from_heaven, minmay_joined_circles,
          uniq_ijyb
D:4:      layout_cave_pools, nicolae_overflow_macrodata_refinement,
          portal_sewer_entry_b, serial_library_hellmonk_octagon,
          uniq_blork_the_orc

Skill      XL: |  1  2  3  4  5  6  7 |
---------------+----------------------+-----
Stealth        | 1 2 |  2.5
Unarmed Combat | 4 5 |  5.6
Axes           | 1 2 |  2.5
Evocations     | 1 2 |  2.1
Fighting       | 2 |  2.3
Dodging        | |  2.9
Shapeshifting  | |  3.6

Action                     |  1- 3 |  4- 6 |  7- 9 || total
---------------------------+-------+-------+-------++-------
  Melee: Unarmed           |    42 |    85 |       ||   127
         Constrict         |    10 |    26 |     6 ||    42
         Tentacles         |     6 |    17 |     4 ||    27
         Punch             |     2 |     4 |     1 ||     7
         Hand axe          |       |    36 |    17 ||    53
  Evoke: Wand              |       |    11 |    10 ||    21
    Use: Scroll            |       |    11 |       ||    11
         Potion            |       |     1 |     2 ||     3
   Stab: Sleeping          |     4 |     2 |       ||     6
 Armour: Skin              |    15 |    45 |    14 ||    74
  Dodge: Dodged            |    23 |    52 |    14 ||    89
   Form: Blade             |       |     1 |       ||     1
         Beast             |       |     1 |       ||     1

Table legend: (Time is in decaauts)
 A = Elapsed time spent in this place.
 B = Non-inter-level travel time spent in this place.
 C = Inter-level travel time spent in this place.
 D = Time resting spent in this place.
 E = Time spent auto-exploring this place.
 F = Levels seen in this place.
 G = Mean time per level.
                   A        B        C        D        E       F      G
               +--------+--------+--------+--------+--------+-----+--------+
         Total |   2808 |   2808 |      0 |      2 |   1429 |   4 |  702.0 |
       Dungeon |   2808 |   2808 |      0 |      2 |   1429 |   4 |  702.0 |
               +--------+--------+--------+--------+--------+-----+--------+

Top non-repeatable levels by time:
     D:3: 1438 daAuts
     D:2: 737 daAuts
     D:1: 544 daAuts
     D:4: 87 daAuts
